[Event "World Women Teams Championship"]
[Site "Sitges, Spain"]
[Date "2021.09.28"]
[Round "4.12"]
[White "Mamedjarova, Zeinab"]
[Black "Alexieva, Silvia"]
[Result "0-1"]
[TimeControl "40+10"]
[WhiteElo "2198"]
[BlackElo "2277"]

1. Nf3 Nf6 2. g3 d5 3. Bg2 Nc6 4.
O-O e5 5. d3 h6 6. b3 Bd6 7. Bb2 O-O 8. c4 Re8 9. cxd5 Nxd5 10. Nbd2 Bg4 11. Nc4 Nf6 12. h3 Bh5 13. Nxd6 cxd6 14. Nh4 Qd7 15. Rc1 d5 16. Qd2 d4 17. f4 exf4 18. g4 Bg6 19. Nxg6 fxg6 20. Rxf4 Nd5 21. Rf2 Ne3 22. Be4 Qd6 23. Rf3 Rf8 24. Rxe3 dxe3 25.
Qxe3 Rf7 26. Bg2 Raf8 27. d4 Re7 28. Qd3 Kh7 29. e4 Rd8 30.
Rd1 Ne5 31. Qe3 Nf7 32. Rf1 Qb6 33. Kh1 Ng5 34. e5 Ne6 35. h4 Nxd4 36. h5 Ne6 37. hxg6+ Kg8 38. Qc3 Qd4 39. Qxd4 Nxd4 40. Rd1 Red7 41. Bf1 b5 42. Rc1 a6 43. Bg2 Ne2 44.
Rc6 Nf4 45. Bf3 Rd2 46. Bc1 Rf2 47. Rc3 Ne2 48. Bxe2 Rxe2 49. Be3 Rd1+ 50. Bg1 Kf8 51. Rf3+ Ke8 52. a4 Ree1 53. Rg3 Rd2 54. axb5 axb5 55. g5 h5 56. Rh3 Ke7 57.
Rf3 Ke6 58. b4 Rdd1 59. Rf7 Rxg1+ 60. Kh2 Rh1+ 61. Kg2 Rdg1+ 62. Kf2 Rxg5 63. Rxg7 Rxe5 64.
Rb7 Rg5 65. Rb6+ Ke7 66. g7 Rxg7 67. Rxb5 h4 68. Rb8 Rb1 69. Ke3 Rg4 70. b5 Rgb4 0-1

[ePGN "0.1;DGT LiveChess/2.2.5"]

[Event "World Women Teams  Championship"]
[Site "Sitges, Spain"]
[Date "2021.09.28"]
[Round "4.2"]
[White "Batsiashvili, Nino"]
[Black "Socko, Monika"]
[Result "1/2-1/2"]
[TimeControl "40+10"]
[WhiteElo "2371"]
[BlackElo "2293"]

1. c4 Nf6 2. Nc3 e6 3. e4 d5 4. cxd5 exd5 5. e5 Ne4 6. d3 Nxc3 7. bxc3 c5 8.
d4 Nc6 9. Nf3 cxd4 10. Nxd4 Bc5 11. f4 O-O 12. Bd3 Nxd4 13. cxd4 Bxd4 1/2-1/2

[Event "World Women Teams  Championship"]
[Site "Sitges, Spain"]
[Date "2021.09.28"]
[Round "4.3"]
[White "Kulon, Klaudia"]
[Black "Javakhishvili, Lela"]
[Result "1-0"]
[TimeControl "40+10"]
[WhiteElo "2234"]
[BlackElo "2364"]

1. d4 d5 2. Bf4 Nf6 3. Nf3 c5 4. e3 Nc6 5. Nbd2 e6 6. c3 cxd4 7. exd4 Nh5 8. Bg3 g6 9. Bb5 Bd7 10. O-O Nxg3 11. hxg3 Bg7 12. Re1 O-O 13. Bxc6 Bxc6 14. Ne5 Be8 15.
Qb3 b6 16. f4 Rc8 17. a4 a5 18. Ndf3 Qd6 19. Qa3 Qxa3 20. Rxa3 f6 21. Nd3 Bd7 22. g4 Rfd8 23. g5 f5 24.
Nfe5 Be8 25. Kf2 Bf8 26. Raa1 Rc7 27. Ke2 Rb8 28. Kd2 Bd6 29. Nf3 Bd7 30. Nfe5 Be8 31. Rec1 Bf8 32. b4 Rbc8 33.
b5 Bd6 34. Ra2 Kg7 35. Rac2 Ba3 36. Rh1 Kg8 37. Rb1 Bf8 38. Re1 Ba3 39. Rb1 Bf8 40. Nc6 Bxc6 41. bxc6 Rxc6 42. Ne5 Rd6 43. Rcb2 Rb8 44. Rb5 h6 45.
Nxg6 hxg5 46. fxg5 Kg7 47. Ne5 Be7 48. Rxa5 Bxg5+ 49. Kd3 Rb7 50. Ra8 Bf6 51. a5 Bxe5 52. dxe5 Rc6 53. a6 Rbc7 54. Rb3 b5 55. Ra3 d4 56. Kxd4 Rc4+ 57. Kd3 Rd7+ 58. Kc2 b4 59. Rb3 bxc3 60.
Rb7 Rcc7 61. Raa7 Rd2+ 62. Kc1 Rxb7 63. axb7 1-0

[Event "World Women Teams  Championship"]
[Site "Sitges, Spain"]
[Date "2021.09.28"]
[Round "4.4"]
[White "Melia, Salome"]
[Black "Kubicka, Anna"]
[Result "1-0"]
[TimeControl "40+10"]
[WhiteElo "2271"]
[BlackElo "2032"]

1. e4 c6 2. d4 d5 3. e5 Bf5 4. h4 h5 5. Bd3 Bxd3 6. Qxd3 e6 7. Nf3 Be7 8. Bg5 Nh6 9. Nbd2 Nf5 10.
Nf1 Nd7 11. Ne3 Nxe3 12. fxe3 g6 13. O-O Nb6 14. Bxe7 Qxe7 15. Ng5 O-O 16. Rf4 Nd7 17. Raf1 Rae8 18. Nxf7 Rxf7 19. Rxf7 Qxf7 20.
Rxf7 Kxf7 21. Qa3 a6 22. Qb4 Re7 23. Qxb7 Nxe5 24. Qxa6 Nc4 25. b3 Nxe3 26. Qxc6 e5 27. dxe5 Rxe5 28.
Qc7+ Kf6 29. Qd8+ Ke6 30. a4 Ng4 31. Qc8+ Kf6 32. Qc3 Kf5 33. a5 Re3 34. Qd2 Re6 35. a6 Ke5 36. a7 Ra6 37.
Qe2+ 1-0

[Event "World Women Teams  Championship"]
[Site "Sitges, Spain"]
[Date "2021.09.28"]
[Round "4.5"]
[White "Muzychuk, Anna"]
[Black "Abdumalik, Zhansaya"]
[Result "1-0"]
[TimeControl "40+10"]
[WhiteElo "2537"]
[BlackElo "2444"]

1. e4 e5 2. Nf3 Nc6 3. Bb5 Nf6 4. O-O Nxe4 5. d4 Nd6 6. Bxc6 dxc6 7. dxe5 Nf5 8. Qxd8+ Kxd8 9. h3 Ke8 10.
Nc3 h5 11. Bf4 a5 12. Rad1 Be7 13.
Rfe1 Be6 14. Ng5 Rh6 15. Nxe6 Rxe6 16.
g4 hxg4 17. hxg4 Nh4 18. Re4 Rd8 19. Rxd8+ Bxd8 20. Bg3 c5 21. Bxh4 Bxh4 22. f4 Bd8 23. Kg2 Rh6 24. Nd1 c6 25.
Ne3 Kf8 26. Nf5 Re6 27. Re2 f6 28. Rd2 Be7 29. Nxe7 Rxe7 30. exf6 gxf6 31. Kf3 Re1 32. Rd7 b5 33. Rd6 Ke7 34.
Rxc6 Rb1 35. b3 Rb2 36. Rxc5 Rxa2 37. Ke4 a4 38. Kf5 a3 39. Rxb5 Rxc2 40. Rb7+ Kd6 41. Ra7 a2 42. Kxf6 Kc6 43. Ra4 Kb5 44.
Kg5 Kc6 45. f5 Rg2 46. Kf6 Rxg4 47. Rxa2 Kd7 48. Kf7 Kd6 49. f6 Rb4 50. Rd2+ Kc7 51. Rd3 Rg4 52. Kf8 1-0

[Event "World Women Teams  Championship"]
[Site "Sitges, Spain"]
[Date "2021.09.28"]
[Round "4.6"]
[White "Saduakassova, Dinara"]
[Black "Muzychuk, Mariya"]
[Result "1/2-1/2"]
[TimeControl "40+10"]
[WhiteElo "2429"]
[BlackElo "2496"]

1. d4 d5 2. Nf3 Nf6 3.
Bf4 Bf5 4. c4 e6 5. Qb3 Nc6 6. e3 Nb4 7. Na3 c6 8. Be2 dxc4 9. Bxc4 Bd6 10. O-O O-O 11. Be5 Ne4 12. Be2 a5 13. Nc4 a4 14. Qd1 Bxe5 15. Nfxe5 f6 16. Nd3 Nxd3 17. Bxd3 b5 18. f3 Ng5 19. Na3 Rc8 20. Nc2 Bxd3 21. Qxd3 e5 22.
Rfd1 Nf7 23. Nb4 exd4 24. exd4 Qd6 25. a3 c5 26. dxc5 Qxc5+ 27. Qd4 Ne5 28. Qxc5 Rxc5 29. b3 Ra8 30. bxa4 Rxa4 31. Nd3 Nxd3 32. Rxd3 b4 33.
Kf2 Rca5 34. axb4 Rxa1 35. bxa5 Rxa5 36. Rd7 1/2-1/2

[Event "World Women Teams  Championship"]
[Site "Sitges, Spain"]
[Date "2021.09.28"]
[Round "4.7"]
[White "Ushenina, Anna"]
[Black "Kamalidenova, Meruert"]
[Result "0-1"]
[TimeControl "40+10"]
[WhiteElo "2418"]
[BlackElo "1984"]

1. d4 Nf6 2. c4 g6 3. g3 c6 4. Bg2 d5 5. Nf3 Bg7 6. O-O O-O 7. Ne5 Ng4 8. cxd5 Nxe5 9. dxe5 Bxe5 10.
Nc3 cxd5 11. Nxd5 Nc6 12. Bh6 Re8 13. Qa4 Qa5 14. Qxa5 Nxa5 15. Bf4 Bxf4 16. gxf4 Rb8 17. Rac1 Bg4 18.
b4 Nc6 19. e3 Kf8 20. a3 Red8 21. Rc5 h5 22. Rfc1 e5 23. h3 Bf5 24. R1c3 exf4 25. Nxf4 Rd1+ 26. Kh2 Rd2 27. Kg3 h4+ 28. Kxh4 Rxf2 29. Kg3 Ra2 30. h4 Ne7 31. Rc7 Rd8 32. e4 Rxg2+ 33. Nxg2 Bxe4 34. Ne3 a6 35. R7c5 Bc6 36. Rc2 Rd3 37. R5c3 Nf5+ 38. Kf2 Nxe3 39.
Rxd3 Nxc2 40. Kg3 Kg7 41. Kf4 Bb5 42. Rc3 Nd4 43. Ke5 Ne2 44. Re3 Nc1 45. Kd6 f5 46. Kc7 f4 47. Rf3 Ne2 48.
Rf2 Nc3 49. Kxb7 Nd5 50. a4 Bc4 51.
b5 axb5 52. a5 b4 53. Kc6 b3 54. Kc5 Ne3 55.
Kb4 Kh6 56. Kc3 g5 57. hxg5+ Kxg5 58. Rd2 f3 59. Kd4 Kf4 60. Rh2 Be2 61. Rh8 b2 62. Rb8 f2 63. a6 Bxa6 64. Rxb2 f1=Q 0-1

[Event "World Women Teams  Championship"]
[Site "Sitges, Spain"]
[Date "2021.09.28"]
[Round "4.8"]
[White "Dauletova, Gulmira"]
[Black "Buksa, Nataliya"]
[Result "0-1"]
[TimeControl "40+10"]
[WhiteElo "2184"]
[BlackElo "2184"]

1. e4 c5 2. Nf3 Nc6 3. d4 cxd4 4. Nxd4 Nf6 5. Nc3 e5 6. Ndb5 d6 7. Bg5 a6 8. Na3 b5 9. Nd5 Be7 10.
Bxf6 Bxf6 11. c4 b4 12. Nc2 O-O 13. g3 a5 14. Bg2 g6 15. O-O Bg7 16. Qd3 Be6 17. a3 Qb8 18. b3 bxa3 19.
Rxa3 Bxd5 20. Qxd5 Qb6 21. Rd1 Rab8 22. Bh3 Rfd8 23. Rd3 Bh6 24. Rf3 Rb7 25. Ra1 Kg7 26. Bf1 Kg8 27. h4 Bf8 28.
h5 Qc5 29. hxg6 hxg6 30. Rf6 Qxd5 31. cxd5 Nb8 32. Rf3 Nd7 33. Rxa5 Nc5 34. Rb5 Rxb5 35. Bxb5 Rb8 36. Bc4 Nxe4 37. Na3 Bh6 38. Nb5 Bd2 39. Rd3 Bb4 40. Kg2 Ra8 41. Re3 f5 42. Re2 Ra1 43. Nc7 Kf7 44. Na6 Bc3 45. Rc2 Bd4 46.
b4 g5 47. Bd3 Nxf2 48. Rxf2 Bxf2 49. Kxf2 e4 50. Be2 Rb1 51. b5 f4 52. gxf4 gxf4 53. Nb8 Rb2 54. Kf1 f3 55.
Bd1 Rb1 56. Ke1 e3 0-1

[Event "World Women Teams  Championship"]
[Site "Sitges, Spain"]
[Date "2021.09.28"]
[Round "4.10"]
[White "Schneider, Jana"]
[Black "Lujan, Carolina"]
[Result "0-1"]
[TimeControl "40+10"]
[WhiteElo "2138"]
[BlackElo "2375"]

1. e4 c5 2. Nf3 Nc6 3. Bb5 e6 4. d4 cxd4 5. Nxd4 Nge7 6. Be3 Ng6 7. Be2 Be7 8.
c4 Nxd4 9. Qxd4 O-O 10. Nc3 b6 11. O-O Bf6 12. Qd2 d5 13. cxd5 Bb7 14. f3 Bxc3 0-1

[Event "World Women Teams  Championship"]
[Site "Sitges, Spain"]
[Date "2021.09.28"]
[Round "4.11"]
[White "Lubbe, Melanie"]
[Black "Arribas Robaina, Maritza"]
[Result "1/2-1/2"]
[TimeControl "40+10"]
[WhiteElo "2300"]
[BlackElo "2261"]

1. e4 d6 2. d4 Nf6 3. Nc3 e5 4. Nf3 Nbd7 5. Bc4 Be7 6. O-O O-O 7. Re1 c6 8. a4 h6 9. h3 Qc7 10. dxe5 dxe5 11. Nh4 Nc5 12.
Ng6 Rd8 13. Nxe7+ Qxe7 14. Qf3 Be6 15. Bf1 Ncd7 16. b3 Nf8 17. Ba3 Qc7 18. Rad1 Ng6 19. g3 Rxd1 20. Rxd1 Rd8 21. Bc5 b6 22.
Be3 Rxd1 23. Qxd1 Qe7 24. a5 bxa5 25. Qd3 Nh7 26. h4 Nf6 27. Na4 Bg4 28. Bc5 Qc7 29. f3 Be6 30. Qe3 Qd8 31.
Bxa7 Qd1 32. Qd3 Qc1 33. Be3 Qe1 34. Bf2 Qc1 35. Kh2 Nd7 36. Nc5 Nxc5 37. Bxc5 Bxb3 38. h5 Nh8 39. Qxb3 Qxf1 40.
Qb8+ Kh7 41. Qxe5 Qxf3 42. Bd4 f6 43. Qe8 Qe2+ 44. Kh3 Qc4 45. c3 Nf7 46. Kg2 a4 47. Qe7 Ne5 48. Kf2 Qa2+ 49. Ke3 Nc4+ 50. Kf3 Qb1 51.
Qe8 Qf1+ 52. Kg4 Qe2+ 53. Kh3 Qf1+ 54. Kg4 Qd1+ 55. Kf4 Qd2+ 56. Kf3 Qd1+ 57. Kf4 Qf1+ 58. Kg4 Qd1+ 59. Kf4 Qf1+ 60.
Kg4 Qe2+ 61. Kh3 Qf1+ 62. Kg4 Qd1+ 63. Kf4 Qf1+ 64. Kg4 Qd1+ 65. Kf4 Qd2+ 66. Kf3 Qd3+ 67. Kf2 Qc2+ 68. Kf3 Qd1+ 1/2-1/2

[Event "World Women Teams  Championship"]
[Site "Sitges, Spain"]
[Date "2021.09.28"]
[Round "4.12"]
[White "Ouellet, Maili-Jade"]
[Black "Klek, Hanna Marie"]
[Result "1/2-1/2"]
[TimeControl "40+10"]
[WhiteElo "2113"]
[BlackElo "2331"]

1. d4 Nf6 2. c4 g6 3. Nc3 Bg7 4. e4 d6 5. f3 O-O 6.
Be3 Nbd7 7. Nge2 a6 8. Qd2 b5 9. cxb5 axb5 10. Nxb5 c6 11. Nbc3 e5 12. Rd1 d5 13. exd5 cxd5 14. Ng3 Re8 15.
Be2 e4 16. fxe4 Nb6 17. e5 Ng4 18. Bf4 f6 19. O-O fxe5 20. dxe5 Nxe5 21.
Nxd5 Rxa2 22. Nc3 Qxd2 23. Rxd2 Ra5 24.
b4 Ra3 25. Nb5 Ra4 26. Nd6 Rd8 27. Nxc8 Rxc8 28. b5 Nec4 29. Rdd1 Rb4 30. Rb1 Bb2 31. Bg4 Re8 32. Bh6 Bd4+ 33.
Kh1 Rxb1 34. Rxb1 Na3 35. Rf1 Nxb5 36. Be6+ Kh8 37. Bf7 Ra8 38. Ne4 Ra1 39. Rxa1 Bxa1 40. g4 Be5 41. Be3 Nc8 42. Nc5 Ncd6 43.
Bd5 Nc3 44. Bb3 Nce4 45. Ne6 h5 1/2-1/2